 Dungeon Crawl Stone Soup version 0.27.0 (webtiles) character file.

Game seed: 12087955752660674424

42 shadowrider38 the Chopper (level 3, -3/33 HPs)
             Began as a Minotaur Berserker on July 31, 2021.
             Was a Believer of Trog.
             Slain by Sigmund (5 damage)
             ... on level 2 of the Dungeon.
             The game lasted 00:01:09 (1081 turns).

shadowrider38 the Chopper (Minotaur Berserker)      Turns: 1081, Time: 00:01:10

Health: -3/33      AC:  5    Str: 22    XL:     3   Next: 35%
Magic:  2/2        EV: 11    Int:  4    God:    Trog [**....]
Gold:   86         SH:  0    Dex:  9    Spells: 2/2 levels left

rFire    . . .     SeeInvis .   a - +0 hand axe
rCold    . . .     Faith    .   (no shield)
rNeg     . . .     Spirit   .   f - +0 ring mail
rPois    .         Reflect  .   (helmet restricted)
rElec    .         Harm     .   (no cloak)
rCorr    .         Rampage  .   (no gloves)
Will     .....                  (no boots)
Stlth    ..........             (no amulet)
HPRegen  0.11/turn              (no ring)
MPRegen  0.08/turn              (no ring)

@: no status effects
A: horns 2, retaliatory headbutt
a: Renounce Religion, Berserk, Trog's Hand


You were on level 2 of the Dungeon.
You worshipped Trog.
Trog was pleased with you.
You visited 1 branch of the dungeon, and saw 2 of its levels.

You collected 86 gold pieces.

Inventory:

Hand Weapons
 a - a +0 hand axe (weapon)
Armour
 f - a +0 ring mail (worn)
Scrolls
 d - a scroll of identify {unknown}
Potions
 c - a potion of flight {unknown}
 e - a potion of curing {unknown}


   Skills:
 - Level 3.9 Fighting
 + Level 5.1 Axes
 - Level 2.5 Armour
 - Level 2.2 Dodging


You had 2 spell levels left.
You didn't know any spells.
Your spell library was empty.

Dungeon Overview and Level Annotations

Branches:
Dungeon (2/15)

Altars:

Annotations:
D:2 Sigmund


Innate Abilities, Weirdness & Mutations

You have a pair of horns on your head.
You reflexively headbutt those who attack you in melee.


Message History

Trog accepts your kill.
You can now call upon Trog for regeneration and willpower.
The hobgoblin hits you but does no damage.
You hit the hobgoblin.
The hobgoblin is heavily wounded.
A puff of flame appears from out of thin air!
The puff of flame misses you.
The hobgoblin hits you but does no damage.
You closely miss the hobgoblin. You headbutt the hobgoblin.
The hobgoblin is severely wounded.
A magic dart appears from out of thin air!
The magic dart hits you. The hobgoblin hits you.
You closely miss the hobgoblin.
The hobgoblin is severely wounded.
The hobgoblin hits you but does no damage.
You hit the hobgoblin.
You kill the hobgoblin!
Trog accepts your kill.
You closely miss the kobold. Something hits you.
The kobold hits you with a +2 vampiric short sword.
You completely miss the kobold. Your headbutt misses the kobold.
Something hits you but does no damage. The kobold closely misses you.
You slash the kobold!
You kill the kobold!
Trog accepts your kill.
You hear some strange, mumbled words.
A puff of flame appears from out of thin air!
The puff of flame misses you.
No target in view!
No target in view!
No target in view!
No target in view!
Something hits you!
Things that are here:
a +2 vampiric short sword; a hobgoblin corpse
There is a strange disturbance nearby!
You hit something but do no damage. Something hits you!
* * * LOW HITPOINT WARNING * * *
You hit something. You headbutt something! Something hits you.
You die...

.............#
..#####......#
..#####......#
.........<...#
.....##....###
#########
####.#######
##..?..... #..####
.........
##....#######.{......
####........@.......
#########.......#
#.......# #.......#
#.......# #.......#
#.......# #########


There were no monsters in sight!

Vanquished Creatures
  An adder (D:2)
  A dart slug (D:1)
  A ball python (D:1)
  3 bats
  5 giant cockroaches
  3 goblins
  3 hobgoblins
  4 jackals (D:1)
  A quokka (D:1)
  2 frilled lizards
  2 kobolds
  A rat (D:2)
27 creatures vanquished.

Notes
Turn   | Place    | Note
-------+----------+-------------------------------------------
     0 | D:1      | shadowrider38 the Minotaur Berserker began the quest for
                  | the Orb.
     0 | D:1      | Reached XP level 1. HP: 19/19 MP: 0/0
   454 | D:1      | Found a faded altar of an unknown god.
   466 | D:1      | Reached skill level 4 in Axes
   466 | D:1      | Reached XP level 2. HP: 27/27 MP: 1/1
  1018 | D:2      | Reached XP level 3. HP: 33/33 MP: 2/2
  1041 | D:2      | Reached skill level 5 in Axes
  1070 | D:2      | Noticed Sigmund
  1072 | D:2      | Reached ** piety under Trog
  1081 | D:2      | Slain by Sigmund

Illustrated notes

Levels and vault maps discovered:
D:1:      tarquinn_simple_flora_water_f, layout_loops_ring,
          hellmonk_ecumenical_altar_blasted, st_stairs_8
D:2:      minmay_razor_zed, layout_rooms, minmay_rat_gold_closets, uniq_jessica,
          uniq_sigmund

Skill      XL: |  1  2  3 |
---------------+----------+-----
Axes           | 4 5 |  5.1
Fighting       | |  3.9
Armour         | |  2.5
Dodging        | |  2.2

Action                   || total
-------------------------++-------
Melee: Hand axe          ||    65
       Headbutt          ||    10
Armor: Animal skin       ||    10
       Ring mail         ||     7
Dodge: Dodged            ||    45
